Map: Neon Violet Square LE

Players

IagoAbreu

  • Race: Protoss Protoss
  • League: Silver
  • Spawn Location: 11:00

DEAHTMASTER - Winner!

  • Race: Zerg Zerg
  • Spawn Location: 5:00

VOD

Have the link to the VOD?

Description

Time

  • Played on: Feb. 27, 2018, 10:56 p.m.
  • Length: 16:22
Show
View Real Time Build Order
Export as new Build Order

IagoAbreu Protoss 

Build Orders:  

Get SALT Encoding   

  12  0:02  Probe (Chrono Boost)  
  13  0:11  Probe (Chrono Boost)  
  14  0:22  Pylon  
  14  0:29  Pylon  
  14  0:33  Probe  
  15  0:46  Probe  
  16  0:58  Probe  
  16  1:03  Pylon  
  17  1:05  Pylon  
  17  1:08  Assimilator  
  17  1:10  Probe (Chrono Boost)  
  18  1:20  Probe (Chrono Boost)  
  18  1:25  Forge  
  19  1:33  Probe  
  20  1:58  Nexus  
  20  2:12  Photon Cannon  
  20  2:20  Photon Cannon  
  20  2:32  Assimilator  
  20  2:37  Photon Cannon  
  20  2:45  Pylon  
  20  2:51  Pylon  
  20  2:54  Probe (Chrono Boost)  
  21  3:03  Probe (Chrono Boost)  
  22  3:07  Assimilator  
  22  3:11  Probe (Chrono Boost)  
  22  3:12  Probe (Chrono Boost)  
  25  3:20  Probe (Chrono Boost)  
  24  3:34  Photon Cannon  
  22  4:24  Photon Cannon  
  22  4:37  Pylon  
  22  4:50  Probe (Chrono Boost)  
  24  5:00  Probe (Chrono Boost)  
  24  5:08  Pylon  
  24  5:11  Pylon  
  24  5:13  Pylon  
  24  5:29  Pylon  
  24  5:30  Photon Cannon  
  24  5:46  Photon Cannon  
  24  5:52  Photon Cannon  
  24  5:56  Photon Cannon  
  24  5:59  Pylon  
  24  6:03  Pylon  
  24  6:05  Assimilator  
  24  6:11  Gateway  
  24  6:14  Gateway  
  24  6:31  Gateway  
  24  6:34  Probe  
  25  6:47  Photon Cannon  
  25  6:51  Photon Cannon, Probe (Chrono Boost)  
  27  7:02  Probe (Chrono Boost)  
  27  7:07  Probe (Chrono Boost)  
  28  7:18  Probe  
  28  7:19  Zealot  
  28  7:20  Zealot x2  
  35  7:27  Cybernetics Core  
  35  7:35  Protoss Ground Weapons Level 1 (Chrono Boost)  
  35  7:43  Probe (Chrono Boost)  
  37  7:53  Zealot x3, Probe (Chrono Boost)  
  37  7:55  Probe (Chrono Boost)  
  37  7:57  Probe (Chrono Boost)  
  45  8:05  Warp Gate (Chrono Boost)  
  45  8:09  Probe  
  46  8:21  Probe  
  46  8:24  Nexus  
  47  8:28  Pylon  
  47  8:30  Pylon  
  47  8:32  Pylon  
  47  8:42  Stargate  
  47  8:45  Stargate  
  47  8:48  Stargate  
  47  8:49  Photon Cannon  
  47  8:55  Photon Cannon  
  47  9:00  Photon Cannon  
  47  9:07  Photon Cannon  
  47  9:17  Photon Cannon  
  47  9:20  Photon Cannon  
  46  9:42  Probe (Chrono Boost)  
  47  9:48  Void Ray x2 (Chrono Boost)  
  47  9:50  Void Ray (Chrono Boost)  
  47  9:52  Probe (Chrono Boost)  
  56  9:55  Protoss Air Weapons Level 1 (Chrono Boost)  
  56  9:57  Probe (Chrono Boost)  
  61  10:08  Probe  
  62  10:20  Probe  
  63  10:29  Void Ray x2 (Chrono Boost)  
  75  10:39  Void Ray (Chrono Boost)  
  75  10:51  Twilight Council  
  70  11:16  Void Ray  
  58  11:26  Void Ray  
  54  11:41  Stalker  
  54  11:45  Zealot x2  
  60  12:09  Probe (Chrono Boost)  
  61  12:20  Probe (Chrono Boost)  
  62  12:25  Probe (Chrono Boost)  
  63  12:35  Probe  
  64  12:47  Probe  
  49  12:59  Zealot (Chrono Boost)  
  43  13:43  Stargate  
  43  13:44  Stargate  
  43  13:45  Stargate  
  39  13:55  Pylon  
  39  13:56  Pylon  
  39  13:59  Pylon  
  39  14:06  Photon Cannon  
  39  14:09  Photon Cannon  
  39  14:10  Photon Cannon  
  39  14:13  Photon Cannon  
  39  14:15  Photon Cannon  
  39  14:26  Nexus  
  39  14:32  Photon Cannon  
  39  14:34  Photon Cannon  
  39  14:50  Assimilator  
  39  15:08  Nexus  
  39  15:14  Pylon  
    15:52  Probe (Chrono Boost)  
Show
View Real Time Build Order
Export as new Build Order

DEAHTMASTER Zerg - Winner!

Build Orders: Pool First 

Get SALT Encoding   

  12  0:01  Drone  
  13  0:12  Drone  
  14  0:18  Overlord  
  14  0:31  Extractor  
  14  0:32  Drone  
  14  0:37  Drone x2  
  16  0:44  Drone  
  17  0:55  Spawning Pool  
  16  0:58  Drone  
  17  1:06  Drone  
  18  1:17  Drone  
  19  1:28  Overlord  
  19  1:43  Hatchery, Metabolic Boost  
  18  1:47  Drone  
  19  1:58  Drone  
  20  2:02  Queen  
  20  2:04  Zergling x2  
  23  2:10  Zergling x2  
  24  2:21  Zergling x2  
  25  2:34  Zergling x2  
  26  2:53  Zergling x2  
  26  2:56  Drone  
  28  3:03  Queen  
  28  3:05  Zergling x4  
  32  3:09  Zergling x2  
  30  3:31  Zergling x8  
  30  3:32  Zergling x2  
  34  3:50  Zergling x2  
  34  3:53  Hatchery  
  34  3:54  Drone  
  35  4:01  Overlord  
  35  4:04  Overlord  
  35  4:18  Roach Warren  
  35  4:19  Queen  
  36  4:27  Drone x3  
  36  4:30  Overlord  
  39  4:32  Drone  
  39  4:33  Drone x3  
  43  4:48  Drone x2  
  45  4:54  Evolution Chamber  
  45  4:56  Evolution Chamber, Extractor  
  35  5:09  Zergling x12  
  35  5:10  Zergling x4  
  41  5:21  Drone  
  42  5:23  Drone x2  
  42  5:25  Zergling x6  
  42  5:26  Zergling x2  
  48  5:39  Zergling x8  
  52  5:52  Roach x3  
  52  5:53  Roach  
  52  5:55  Zergling x6  
  52  5:56  Zergling x2  
  63  6:14  Roach  
  63  6:16  Lair  
  63  6:17  Overlord  
  65  6:30  Drone  
  65  6:31  Zerg Melee Weapons Level 1  
  66  6:40  Zerg Ground Armor Level 1  
  66  6:42  Extractor  
  66  6:44  Zergling x6, Extractor  
  66  6:45  Overlord  
  67  6:48  Queen  
  69  7:05  Drone x3, Overlord  
  69  7:07  Zergling x4  
  69  7:08  Hatchery  
  73  7:27  Roach x3  
  73  7:28  Roach x5  
  89  7:31  Overlord  
  89  7:37  Drone  
  89  7:41  Overlord x2  
  90  7:45  Glial Reconstitution  
  90  7:54  Infestation Pit  
  90  7:55  Drone  
  90  7:56  Drone x2  
  90  7:58  Drone  
  93  8:06  Overseer  
  93  8:10  Drone x2  
  93  8:12  Drone x3  
  98  8:21  Drone x4  
  102  8:27  Pneumatized Carapace  
  102  8:33  Hive  
  102  8:56  Drone x5  
  102  8:58  Drone x6  
  102  9:00  Drone x4  
  117  9:04  Drone x2  
  119  9:23  Drone  
  120  9:27  Hydralisk Den  
  120  9:28  Tunneling Claws  
  120  9:29  Zerg Ground Armor Level 2  
  119  9:40  Overlord x3  
  119  9:41  Drone  
  120  9:47  Overlord  
  120  9:48  Overlord  
  120  10:01  Hydralisk x4  
  120  10:02  Hydralisk x3  
  134  10:09  Muscular Augments  
  134  10:14  Extractor  
  133  10:15  Drone x5, Extractor  
  133  10:16  Drone  
  133  10:19  Extractor  
  133  10:21  Drone  
  138  10:22  Extractor  
  138  10:23  Drone x3  
  138  10:24  Drone  
  138  10:25  Drone x5  
  146  10:43  Ravager x2  
  146  10:45  Zergling x6  
  146  10:46  Roach x3  
  146  10:47  Roach  
  156  11:10  Adrenal Glands  
  156  11:16  Hydralisk x2  
  156  11:17  Hydralisk x2  
  137  11:37  Hydralisk  
  137  11:38  Hydralisk x5  
  141  12:03  Overlord x5  
  141  12:24  Hydralisk x5  
  141  12:28  Zerg Melee Weapons Level 2, Zerg Missile Weapons Level 1  
  151  12:30  Spire  
  151  12:35  Ravager x2  
  151  12:36  Ravager  
  148  12:54  Hydralisk x3  
  148  12:55  Hydralisk x6  
  148  12:56  Hydralisk  
  168  12:59  Grooved Spines  
  167  13:10  Queen  
  167  13:24  Hatchery  
  163  13:38  Zergling x10  
  168  13:47  Overlord x3  
  168  13:48  Overlord x2  
  168  14:23  Mutalisk  
  170  14:24  Mutalisk x13  
  195  14:32  Ravager  
  195  14:33  Ravager x3  
  199  14:41  Greater Spire  
  194  15:16  Hatchery  
  194  15:17  Hatchery  
  182  15:47  Zergling x12  
  188  16:17  Hatchery  
Tags
 
Add a new tag
Caveats
  • Supply blocks, unpowered buildings, or Contaminate may cause inaccurate times.
  • Supply counts are checked every 10 seconds.